 Dungeon Crawl Stone Soup version 0.28-a0-1567-g1695149f81 (webtiles) character file.

Game seed: 10280459944687059583

312 comborobin the Ruffian (level 6, -18/44 HPs)
             Began as an Octopode Cinder Acolyte on Jan 20, 2022.
             Was a Believer of Ignis.
             Demolished by Duvessa (19 damage)
             ... on level 5 of the Dungeon.
             The game lasted 00:02:18 (2918 turns).

comborobin the Ruffian (Octopode Cinder Acolyte)    Turns: 2918, Time: 00:02:18

Health: -18/44     AC:  1    Str: 14    XL:     6   Next: 42%
Magic:  7/7        EV: 13    Int: 16    God:    Ignis [**....]
Gold:   31         SH:  0    Dex:  9    Spells: 7/7 levels left

rFire   + . .      SeeInvis .     - Unarmed
rCold   . . .      Faith    .   (no shield)
rNeg    . . .      Spirit   .   (helmet restricted)
rPois   .          Reflect  .   (no amulet)
rElec   .          Harm     .   (no ring)
rCorr   .          Rampage  .   (no ring)
Will    .....                   (no ring)
Stlth   ++........              (no ring)
HPRegen 0.14/turn               (no ring)
MPRegen 0.10/turn               (no ring)
                                (no ring)
                                (no ring)

@: no status effects
A: almost no armour, amphibious, 8 rings, camouflage 1, gelatinous body 1,
(nimble swimmer 1), tentacles
a: Renounce Religion, Fiery Armour, Foxfire Swarm, Rising Flame


You were on level 5 of the Dungeon.
You worshipped Ignis.
Ignis was pleased with you.
You visited 1 branch of the dungeon, and saw 5 of its levels.

You collected 31 gold pieces.

Inventory:

Magical Staves
 c - a staff of cold
Jewellery
 g - a +4 ring of protection
Scrolls
 a - a scroll of identify {unknown}
 f - a scroll of amnesia {unknown}
Potions
 b - 2 potions of curing {unknown}
 d - a potion of brilliance {unknown}
 e - a potion of invisibility {unknown}


   Skills:
 + Level 4.6 Fighting
 + Level 3.3 Dodging
 + Level 4.7 Unarmed Combat
 - Level 1.0 Spellcasting
 - Level 3.0 Fire Magic


You had 7 spell levels left.
You didn't know any spells.
Your spell library contained the following spells:

 Spells                   Type           Power      Damage    Failure   Level
 Scorch                   Fire           20%        2d6       10%         2
 Gell's Gravitas          Tloc           0%         N/A       56%         3
 Teleport Other           Tloc           0%         N/A       56%         3
 Hailstorm                Conj/Ice       0%         3d3       92%         4
 Ice Form                 Ice/Tmut       0%         N/A       92%         4
 Dispersal                Tloc           0%         N/A       100%        6
 Simulacrum               Ice/Necr       0%         N/A       100%        6


Dungeon Overview and Level Annotations

Branches:
Dungeon (5/15)             Temple (0/1) D:5

Altars:

Annotations:
D:5 Duvessa


Innate Abilities, Weirdness & Mutations

You cannot wear most types of armour.
You are amphibious.
You can wear up to eight rings at the same time.
Your skin changes colour to match your surroundings (Stealth+).
Your rubbery body absorbs attacks. (AC +1, EV +1)
((You are camouflaged when in or above water. (Stealth+)))
You have tentacles for arms and can constrict up to eight enemies at once.


Message History

The foxfire hits Duvessa but does no damage.
Duvessa is heavily wounded.
The foxfire hits Duvessa but does no damage.
Duvessa is heavily wounded.
The foxfire hits Duvessa but does no damage.
Duvessa is heavily wounded.
The foxfire hits Duvessa but does no damage.
Duvessa is heavily wounded.
The foxfire hits Duvessa but does no damage.
Duvessa is heavily wounded.
The foxfire hits Duvessa but does no damage.
Duvessa is heavily wounded.
The foxfire hits Duvessa.
Duvessa is heavily wounded.
The foxfire hits Duvessa.
Duvessa is severely wounded.
Duvessa closely misses you.
Unknown command.
Unknown command.
You tentacle-slap Duvessa but do no damage.
You grab Duvessa.
Duvessa is severely wounded.
You constrict Duvessa. Duvessa hits you with a +0 short sword.
Unknown command.
Unknown command.
Unknown command.
You tentacle-slap Duvessa but do no damage.
Duvessa is severely wounded.
You constrict Duvessa, but do no damage.
Duvessa hits you with a +0 short sword!!
* * * LOW HITPOINT WARNING * * *
Unknown command.
Unknown command.
Unknown command.
You tentacle-slap Duvessa but do no damage.
Duvessa is severely wounded.
You constrict Duvessa. Duvessa hits you with a +0 short sword.
* * * LOW HITPOINT WARNING * * *
Duvessa hits you with a +0 short sword!!
You die...

##.## #.#.###.# #.## #)# #.#.#
#.# #.# #.# #.#.###.# #.# ##'##
#.#.....# #.# ##...## #.#####.#
#.# ##.....## #.#####.# #.#
#.......## #....v..# ##.##
.........####...##.########...###
.........'.....e@................
.........####...##.#####.......##
#.......## ##.###.# #.###.#.#
##.....## ### #.# #.# #.#.#
##...## #####.# #.###.#.# .....
#.....# #.##..#.## ..... #.#####
#.##...... ###. #.# #.##.##.##
#e# #.##.##...


You could see Duvessa (berserk).

Vanquished Creatures
  Dowan (D:5)
  An orc priest (D:4)
  2 iguanas
  3 orc wizards
  A hound skeleton (D:4)
  3 gnolls (D:5)
  3 adders
  A worm (D:2)
  3 orcs
  A ball python (D:3)
  A bat (D:3)
  2 endoplasms (D:3)
  3 giant cockroaches (D:3)
  2 hobgoblins
  4 jackals (D:3)
  A frilled lizard (D:3)
  4 goblins
  2 kobolds (D:3)
  4 rats (D:3)
42 creatures vanquished.

Vanquished Creatures (others)
  48 foxfires
  3 plants (D:5)
51 creatures vanquished.

Grand Total: 93 creatures vanquished

Notes
Turn   | Place    | Note
-------+----------+-------------------------------------------
     0 | D:1      | comborobin the Octopode Cinder Acolyte began the quest for
                  | the Orb.
     0 | D:1      | Reached XP level 1. HP: 16/16 MP: 2/2
    44 | D:2      | Reached XP level 2. HP: 17/21 MP: 3/3
   158 | D:2      | Reached skill level 1 in Dodging
   502 | D:3      | Reached XP level 3. HP: 25/26 MP: 4/4
  1032 | D:2      | Reached XP level 4. HP: 9/33 MP: 5/5
  1615 | D:4      | Reached XP level 5. HP: 30/37 MP: 6/6
  1786 | D:5      | Entered Level 5 of the Dungeon
  2403 | D:5      | Found a staircase to the Ecumenical Temple.
  2482 | D:5      | Reached XP level 6. HP: 20/44 MP: 7/7
  2883 | D:5      | Noticed Dowan
  2884 | D:5      | Noticed Duvessa
  2910 | D:5      | Killed Dowan
  2918 | D:5      | HP: 1/44 [Duvessa (6)]
  2918 | D:5      | Demolished by Duvessa

Illustrated notes

Levels and vault maps discovered:
D:1:      elethiomel_arrival_shortcut, layout_rooms,
          dreamdust_ecumenical_altar_hidden_monk_grotto, minmay_heptomino_d4
D:2:      layout_basic, chequers_serial_rivers_room_b
D:3:      layout_loops_ring, serial_rivers, chequers_serial_rivers_micro_d,
          chequers_serial_rivers_marsh, chequers_serial_rivers_large_a,
          chequers_serial_rivers_small_3, chequers_serial_rivers_small_3,
          dk_noncrumbling_2, minmay_rat_hole
D:4:      layout_basic, elyvilon_altar_1
D:5:      layout_loops_corners, minmay_temple_entry_statues_fountains,
          kennysheep_cross_bottleneck, serial_bayou_pond_e, uniq_duvessa

Skill      XL: |  1  2  3  4  5 |
---------------+----------------+-----
Dodging        | 1 2 3 |  3.3
Unarmed Combat | 4 |  4.7
Fighting       | 4 |  4.6
Spellcasting   | |  1.0
Fire Magic     | |  3.0

Action                   |  1- 3 |  4- 6 || total
-------------------------+-------+-------++-------
Melee: Unarmed           |    48 |    63 ||   111
       Constrict         |     9 |    19 ||    28
       Tentacles         |     7 |    16 ||    23
       Punch             |     1 |     3 ||     4
Invok: Foxfire Swarm     |     1 |     4 ||     5
       Fiery Armour      |       |     1 ||     1
  Use: Scroll            |     1 |       ||     1
 Stab: Sleeping          |     1 |     2 ||     3
Armor: Skin              |     4 |     4 ||     8
Dodge: Dodged            |    25 |    31 ||    56

Table legend: (Time is in decaauts)
 A = Elapsed time spent in this place.
 B = Non-inter-level travel time spent in this place.
 C = Inter-level travel time spent in this place.
 D = Time resting spent in this place.
 E = Time spent auto-exploring this place.
 F = Levels seen in this place.
 G = Mean time per level.
                   A        B        C        D        E       F      G
               +--------+--------+--------+--------+--------+-----+--------+
         Total |   2914 |   2861 |     53 |    643 |   1739 |   5 |  582.8 |
       Dungeon |   2914 |   2861 |     53 |    643 |   1739 |   5 |  582.8 |
               +--------+--------+--------+--------+--------+-----+--------+

Top non-repeatable levels by time:
     D:3: 1276 daAuts
     D:5: 1056 daAuts
     D:4: 340 daAuts
     D:2: 224 daAuts
     D:1: 16 daAuts
